 Dungeon Crawl Stone Soup version 0.27-a0-277-g024f7ef292 (webtiles) character file.

Game seed: 12730407833966889893

1513 Borgoz the Skirmisher (level 8, 0/78 HPs)
             Began as a Gargoyle Berserker on Feb 6, 2021.
             Was an Elder of Trog.
             Slain by a phantom (5 damage)
             ... on level 6 of the Dungeon.
             The game lasted 00:10:02 (7742 turns).

Borgoz the Skirmisher (Gargoyle Berserker)          Turns: 7742, Time: 00:10:02

Health: 0/78       AC: 12    Str: 21    XL:     8   Next: 83%
Magic:  8/8        EV: 13    Int:  8    God:    Trog [****..]
Gold:   373        SH:  0    Dex: 11    Spells: 7/7 levels left

rFire    . . .     SeeInvis .   l - +0 flail
rCold    . . .     Faith    .   (no shield)
rNeg     + . .     Spirit   .   b - +0 animal skin
rPois    ∞         Reflect  .   (no helmet)
rElec    +         Harm     .   j - +2 cloak
rCorr    .         Rampage  .   h - +0 pair of gloves
Will     .....                  (no boots)
Stlth    ..........             (no amulet)
HPRegen  0.23/turn              (no ring)
MPRegen  0.11/turn              (no ring)

@: berserking (expiring), very quick
A: negative energy resistance 1, electricity resistance, unbreathing,
petrification resistance, miasma immunity, AC +5
a: Renounce Religion, Berserk, Trog's Hand, Brothers in Arms


You were on level 6 of the Dungeon.
You worshipped Trog.
Trog was greatly pleased with you.
You visited 1 branch of the dungeon, and saw 6 of its levels.
You also visited: Sewer.

You collected 373 gold pieces.

Inventory:

Hand Weapons
 l - a +0 flail (weapon)
Armour
 b - a +0 animal skin (worn)
 h - a +0 pair of gloves (worn)
 j - a +2 cloak (worn)
Jewellery
 r - an uncursed ring of fire
Wands
 k - a wand of digging (2)
 m - a wand of iceblast (3)
Scrolls
 d - 3 scrolls of remove curse
 e - 3 scrolls of enchant weapon
 f - 3 scrolls of identify
 i - 2 scrolls of blinking
 n - 7 scrolls of teleportation
 q - 2 scrolls of enchant armour {unknown}
 s - a scroll of random uselessness {unknown}
Potions
 a - a potion of resistance
 c - 3 potions of haste
 g - 4 potions of curing
 o - a potion of magic
 p - 3 potions of heal wounds


   Skills:
 + Level 6.6 Fighting
 + Level 6.1 Maces & Flails
 + Level 6.2 Armour
 + Level 4.6 Dodging


You had 7 spell levels left.
You didn't know any spells.
Your spell library was empty.

Dungeon Overview and Level Annotations

Branches:
Dungeon (6/15)              Sewer (visited)
 Temple: D:4-7

Altars:
Ashenzari
Gozag
Hepliaklqana
Nemelex Xobeh
Okawaru
Sif Muna
Trog
Uskayaw
Vehumet
Wu Jian
Xom

Shops:
D:4 !


Innate Abilities, Weirdness & Mutations

You are resistant to torment.
Your stone body is resilient. (AC +5)
You are immune to poison.
You resist negative energy. (rN+)
You are resistant to electric shocks. (rElec)
You can survive without breathing.
You are immune to petrification.
You are immune to miasma.


Message History

You barely miss something. Something hits you.
* * * LOW HITPOINT WARNING * * *
The phantom hits you but does no damage.
You sock something!
You feel the power of Trog in you as your rage grows.
Trog accepts your kill.
Trog appreciates your killing of a magic user.
Reactivating autopickup.
You feel a bit more experienced. The orc barely misses you.
You closely miss the orc. The phantom completely misses you.
The orc barely misses you.
You closely miss the orc.
The phantom hits you but does no damage.
You closely miss the orc. The orc hits you but does no damage.
You sock the orc!
You kill the orc!
Trog accepts your kill.
You are no longer corroded.
The phantom hits you.
You die...

..........#.#...#
#.#
..............#[...
#.#
................##..
#.###
.......#.##.##.## .
#...#
(.######.......#
###.# ..#
#.##....###########
#.# ..# #.#
##..#.........# #.#
(.# .(
#>).....<.####.# ..#
#@)............# ..#
#W........######
#.### #.........#
....# ...........#
#.#.######
###.........#
#.#......#
#........?#
#.######.###
#.........# #.#
#....(.#############
..# #.##.......#


You could see a phantom.

Vanquished Creatures
  Sigmund (D:2)
  3 sky beasts
  2 ogres (D:4)
  2 centaurs
  3 orc priests
  Crazy Yiuf (D:2)
  A jelly (D:6)
  Jessica (D:2)
  4 orc wizards
  2 iguanas
  2 worker ants (D:5)
  A hound skeleton (D:6)
  A worker ant zombie (D:5)
  12 adders
  8 river rats (D:6)
  A shadow imp (D:6)
  A white imp (D:6)
  An ufetubus (D:6)
  3 oozes
  An adder skeleton (D:5)
  6 worms
  6 dart slugs
  3 leopard geckos
  10 orcs
  8 giant cockroaches
  4 goblins
  5 hobgoblins
  14 jackals
  10 quokkas
  5 ball pythons
  5 bats
  9 frilled lizards
  14 kobolds
  A leopard gecko skeleton (D:4)
  27 rats
178 creatures vanquished.

Vanquished Creatures (others)
  A fungus (D:2)
  18 plants
19 creatures vanquished.

Grand Total: 197 creatures vanquished

Notes
Turn   | Place    | Note
-------+----------+-------------------------------------------
     0 | D:1      | Borgoz the Gargoyle Berserker began the quest for the Orb.
     0 | D:1      | Reached XP level 1. HP: 14/14 MP: 1/1
   136 | D:1      | Reached XP level 2. HP: 6/19 MP: 2/2
  1478 | D:2      | Reached XP level 3. HP: 9/24 MP: 3/3
  1701 | D:2      | Noticed Sigmund
  1709 | D:2      | Killed Sigmund
  1710 | D:2      | Reached XP level 4. HP: 30/30 MP: 4/4
  1710 | D:2      | Reached XP level 5. HP: 34/34 MP: 5/5
  1894 | D:2      | Reached ** piety under Trog
  1948 | D:2      | Reached XP level 6. HP: 37/39 MP: 6/6
  1950 | D:2      | Found a runed translucent door.
  1951 | D:2      | Noticed Crazy Yiuf
  1958 | D:2      | Killed Crazy Yiuf
  2051 | D:2      | Noticed a +0 dagger
  2051 | D:2      | Noticed a +0 hand axe
  2052 | D:2      | Found a hide-covered altar of Uskayaw.
  2090 | D:2      | Noticed Jessica
  2101 | D:2      | Killed Jessica
  2465 | D:2      | Found an iron altar of Okawaru.
  2562 | D:3      | Found an opulent altar of Gozag.
  2801 | D:3      | Found a glowing drain.
  2805 | Sewer    | Entered a sewer
  3444 | Sewer    | Reached skill level 5 in Fighting
  3806 | D:3      | Reached XP level 7. HP: 34/44 MP: 7/7
  4048 | D:3      | You fall into a shaft and drop 1 floor!
  4104 | D:4      | Found a sparkling altar of Nemelex Xobeh.
  4250 | D:3      | Reached *** piety under Trog
  4629 | D:3      | Found a faded altar of an unknown god.
  4679 | D:3      | Found a hazy altar of Hepliaklqana.
  4680 | D:3      | Found a shimmering altar of Xom.
  4681 | D:3      | Noticed a spectral ugly thing
  4797 | D:4      | Found Cabbobol's Distillery.
  5140 | D:4      | Found a radiant altar of Vehumet.
  5147 | D:4      | Reached skill level 5 in Maces & Flails
  5147 | D:4      | Reached skill level 5 in Armour
  5510 | D:5      | Entered Level 5 of the Dungeon
  5670 | D:5      | Reached XP level 8. HP: 27/51 MP: 8/8
  6448 | D:5      | Found a broken altar of Ashenzari.
  6454 | D:5      | Found a bloodstained altar of Trog.
  6463 | D:5      | Found an ornate altar of the Wu Jian Council.
  6784 | D:6      | Reached **** piety under Trog
  7424 | D:6      | Found a shimmering blue altar of Sif Muna.
  7742 | D:6      | Slain by a phantom

Illustrated notes

Levels and vault maps discovered:
D:1:      minmay_arrival_loop, layout_basic
D:2:      layout_rooms, kennysheep_okawaru_gauntlet, dancing_weapons_uskayaw,
          minmay_cupped, uniq_jessica, uniq_sigmund, uniq_crazy_yiuf_cottage
D:3:      minmay_door_path, layout_basic, regret_index_temple_of_mockery,
          nicolae_gozag_seed_capital, chequers_ecumenical_altar_simple,
          gup_sewer_entry_spiral
D:4:      layout_loops_ring, grunt_temple_overflow_open, serial_shops, shop
D:5:      layout_loops_ring, minmay_overflow_temple_star_quad,
          saegor_snake_ambush
D:6:      lemuel_ratsnest, layout_loops_cross, overflow_temple_1_default

Skill      XL: |  1  2  3  4  5  6  7  8 |
---------------+-------------------------+-----
Dodging        | 2 3 4 |  4.6
Fighting       | 4 5 6 |  6.6
Maces & Flails | 4 5 6 |  6.1
Armour         | 3 4 5 6 |  6.2

Action                   |  1- 3 |  4- 6 |  7- 9 || total
-------------------------+-------+-------+-------++-------
Melee: Mace              |    70 |    71 |       ||   141
       Flail             |       |   226 |   398 ||   624
Invok: Berserk           |     2 |     2 |     4 ||     8
  Use: Scroll            |       |       |    10 ||    10
 Stab: Sleeping          |       |     1 |     1 ||     2
Armor: Animal skin       |    25 |   121 |   188 ||   334
Dodge: Dodged            |    53 |   226 |   332 ||   611

Table legend: (Time is in decaauts)
 A = Elapsed time spent in this place.
 B = Non-inter-level travel time spent in this place.
 C = Inter-level travel time spent in this place.
 D = Time resting spent in this place.
 E = Time spent auto-exploring this place.
 F = Levels seen in this place.
 G = Mean time per level.
                   A        B        C        D        E       F      G
               +--------+--------+--------+--------+--------+-----+--------+
         Total |   8119 |   7967 |    152 |   1702 |   4489 |   7 | 1159.9 |
       Dungeon |   7059 |   6907 |    152 |   1563 |   3927 |   6 | 1176.5 |
         Sewer |   1059 |   1059 |      0 |    139 |    561 |   1 | 1059.0 |
               +--------+--------+--------+--------+--------+-----+--------+

Top non-repeatable levels by time:
     D:3: 1369 daAuts
     D:1: 1291 daAuts
     D:2: 1262 daAuts
     D:5: 1200 daAuts
     D:6: 1080 daAuts
   Sewer: 1059 daAuts
     D:4: 854 daAuts
